 Dungeon Crawl Stone Soup version 0.27.1-16-g815e20cd7a (webtiles) character file.

Game seed: 2862502516037516996

184 zeram the Chiller (level 5, -5/38 HPs)
             Began as a Draconian Ice Elementalist on Nov 22, 2021.
             Killed by nerve-wracking pain
             ... invoked by Grinder
              (10 damage)
             ... on level 3 of the Dungeon.
             The game lasted 00:08:03 (3858 turns).

zeram the Chiller (Draconian Ice Elementalist)      Turns: 3858, Time: 00:08:04

Health: -5/38      AC:  6    Str: 11    XL:     5   Next: 36%
Magic:  8/8        EV: 11    Int: 16    God:
Gold:   65         SH:  3    Dex: 11    Spells: 4/8 levels left

rFire    . . .     SeeInvis .   b - +0 dagger
rCold    . . .     Faith    .   d - +0 buckler
rNeg     . . .     Spirit   .   (armour unavailable)
rPois    .         Reflect  .   (helmet restricted)
rElec    .         Harm     .   f - +0 cloak
rCorr    .         Rampage  .   (no gloves)
Will     .....                  (no boots)
Stlth    ++........             (no amulet)
HPRegen  0.12/turn              (no ring)
MPRegen  0.11/turn              (no ring)

@: no status effects
A: AC +5, unfitting armour, cold-blooded
a: no special abilities


You were on level 3 of the Dungeon.
You visited 1 branch of the dungeon, and saw 4 of its levels.

You collected 65 gold pieces.

Inventory:

Hand Weapons
 b - a +0 dagger (weapon)
Armour
 d - a +0 buckler (worn)
 f - a +0 cloak (worn)
Jewellery
 g - a ring of protection from cold
Potions
 a - a potion of curing
 c - 2 potions of flight


   Skills:
 - Level 1.7 Dodging
 - Level 1.7 Stealth
 * Level 1.1 Shields
 - Level 2.0 Spellcasting
 + Level 6.5 Ice Magic


You had 4 spell levels left.
You knew the following spells:

 Your Spells              Type           Power      Damage    Failure   Level
a - Freeze                Ice            88%        1d10      1%          1
b - Frozen Ramparts       Ice            44%        1d6       6%          3

Your spell library contained the following spells:

 Spells                   Type           Power      Damage    Failure   Level
 Ozocubu's Armour         Ice            22%        N/A       6%          3
 Hailstorm                Conj/Ice       12%        3d5       61%         4


Dungeon Overview and Level Annotations

Branches:
Dungeon (4/15)
 Temple: D:4-7

Altars:
Yredelemnul

Shops:
D:2 !

Annotations:
D:3 Grinder


Innate Abilities, Weirdness & Mutations

Your plain brown scales are hard. (AC +5)
You cannot fit into any form of body armour.
You are cold-blooded and may be slowed by cold attacks.


Message History

Okay, then.
Grinder gestures at you.
You suddenly lose the ability to move!
Grinder barely misses you. Grinder hits you.
You writhe in agony.
Grinder gestures at you.
You shrug off the repeated paralysis!
You can move again.
You hit Grinder but do no damage. Grinder closely misses you.
You closely miss Grinder. Grinder hits you.
You writhe in agony.
You hit Grinder but do no damage. You tail-slap Grinder.
Grinder is lightly wounded.
Grinder hits you but does no damage.
Unknown command.
You closely miss Grinder.
Grinder is lightly wounded.
Grinder completely misses you. Grinder gestures at you.
Pain shoots through your body!
You hit Grinder but do no damage.
Grinder is lightly wounded.
Grinder gestures at you. You resist with significant effort.
You hit Grinder.
Grinder is lightly wounded.
Grinder closely misses you.
You aren't carrying any scrolls.
Unknown command.
You hit Grinder but do no damage.
Grinder is lightly wounded.
Grinder hits you.
You barely miss Grinder.
Grinder is lightly wounded.
Grinder hits you!
* * * LOW HITPOINT WARNING * * *
You closely miss Grinder. You tail-slap Grinder.
Grinder is lightly wounded.
Grinder gestures at you. Pain shoots through your body!
You die...

#######....5# #............# ###
#.....# #...#####..#.# ..###
#.....# #...# #.....
..#.#######.# #...# ####.#
.....## #.#########.## #.#
†.....#####.##........# ### #.#
.......÷....##.#.....# ##.#####.#
..#.#####........###.###.........
..### #.#....5@..#(##.....###.#
### #.#..#...#.[....(....##.#
#.#..#.....<..#.....###.#
#.#..##..###..##...## #.#
#.............###.## #.#
#...P.P..####.# ### #.#
###.._...# #.# ..# #.P.P..# ...
.## #.(....# ....


You could see Grinder.

Vanquished Creatures
  An orc wizard (D:4)
  Natasha (twice) (D:2)
  2 adders (D:3)
  A worm (D:2)
  A dart slug (D:3)
  4 orcs (D:3)
  6 bats
  4 endoplasms
  2 giant cockroaches (D:1)
  4 goblins
  9 hobgoblins
  2 jackals (D:1)
  4 quokkas
  8 ball pythons
  6 frilled lizards
  5 kobolds
  22 rats
83 creatures vanquished.

Notes
Turn   | Place    | Note
-------+----------+-------------------------------------------
     0 | D:1      | zeram the Draconian Ice Elementalist began the quest for
                  | the Orb.
     0 | D:1      | Reached XP level 1. HP: 14/14 MP: 3/3
   262 | D:1      | Reached XP level 2. HP: 19/20 MP: 3/5
  1095 | D:1      | Reached skill level 5 in Ice Magic
  1096 | D:1      | Reached XP level 3. HP: 22/26 MP: 3/6
  1304 | D:2      | Found a faded altar of an unknown god.
  1576 | D:2      | You fall into a shaft and drop 2 floors!
  1719 | D:4      | Reached XP level 4. HP: 13/33 MP: 4/7
  2738 | D:2      | Noticed Natasha
  2748 | D:2      | Killed Natasha
  2749 | D:2      | Reached skill level 6 in Ice Magic
  2760 | D:2      | Noticed Natasha
  2767 | D:2      | Killed Natasha
  2768 | D:2      | Reached XP level 5. HP: 32/38 MP: 1/8
  2840 | D:2      | Found Teupneqid's Distillery.
  3371 | D:3      | Reached skill level 1 in Shields
  3375 | D:3      | Learned a level 3 spell: Frozen Ramparts
  3653 | D:3      | Found a basalt altar of Yredelemnul.
  3678 | D:3      | Noticed Grinder
  3695 | D:3      | Paralysed by Grinder for 6 turns
  3846 | D:3      | Paralysed by Grinder for 4 turns
  3858 | D:3      | Killed from afar by Grinder

Illustrated notes

Levels and vault maps discovered:
D:1:      giann_bridges, layout_loops_cross
D:2:      layout_loops_ring, serial_shops, shop,
          shapermc_ecumenical_altar_pompeii, minmay_rat_hole, uniq_natasha
D:3:      layout_loops_cross, yredelemnul_altar_generic, serial_park_tiny_1,
          uniq_grinder
D:4:      layout_loops_ring, nicolae_shop_sticking_my_neck_out, uniq_robin,
          uniq_duvessa

Skill      XL: |  1  2  3  4  5 |
---------------+----------------+-----
Ice Magic      | 5 6 |  6.5
Shields        | 1 |  1.1
Dodging        | |  1.7
Stealth        | |  1.7
Spellcasting   | |  2.0

Action                   |  1- 3 |  4- 6 || total
-------------------------+-------+-------++-------
Melee: Unarmed           |    12 |       ||    12
       Dagger            |    64 |   170 ||   234
       Tailslap          |     5 |    15 ||    20
 Cast: Freeze            |    46 |    25 ||    71
       Frozen Ramparts   |       |     2 ||     2
  Use: Scroll            |     1 |     1 ||     2
       Potion            |     1 |       ||     1
 Stab: Sleeping          |     2 |     1 ||     3
Armor: Skin              |    47 |    66 ||   113
Dodge: Dodged            |    74 |   132 ||   206
Block: Buckler           |       |    10 ||    10
